[Event "Titled Tuesday Blitz June 29 2021"]
[White "731291"]
[Black "TanitoluwaAps116"]
[WhiteElo "2661"]
[BlackElo "2353"]
[Result "1-0"]
[Round "01"]
[TimeControl "180+1"]
[Date "2021.06.29"]
[WhiteClock "0:00:08"]
[BlackClock "0:00:01"]

1. e4 c5 2. Nc3 Nc6 3. Bb5 g6 4. h4 h5 5. d3 Bg7 6. Bg5 d6 7. Nge2 a6 8. Bxc6+ bxc6 9. Qd2 Rb8 10. b3 Nf6 11. O-O Qa5 12. Rad1 Qb6 13. Rfe1 Bd7 14. Ng3 Ng4 15. Nce2 f6 16. Bf4 e5 17. Be3 Qc7 18. c3 Nxe3 19. Qxe3 Bh6 20. Qf3 O-O 21. d4 c4 22. bxc4 Rb2 23. Qd3 Be6 24. d5 cxd5 25. cxd5 Bd7 26. Qxa6 Bb5 27. Qa3 Rc2 28. Qb3 Bxe2 29. Qxc2 Bxd1 30. Rxd1 Rc8 31. Rd3 Bf4 32. Ne2 Bh6 33. g3 Qc4 34. Rf3 Bg7 35. Kg2 f5 36. exf5 e4 37. Rf4 Be5 38. Rxe4 Qxd5 39. f3 gxf5 40. Nf4 Qc6 41. Qb3+ Kg7 42. Rb4 Qxc3 43. Rb7+ Kh6 44. Qe6+ Bf6 45. Qxf5 Qc2+ 46. Qxc2 Rxc2+ 47. Kh3 Rxa2 48. Rd7 Be5 49. Nd3 Ra3 50. Nxe5 dxe5 51. Rf7 Kg6 52. Rf8 Re3 53. Kg2 Re2+ 54. Kf1 Ra2 55. Rg8+ Kf5 56. Rg5+ Ke6 57. Rxh5 Kd5 58. Rf5 Kd4 59. g4 Ke3 60. h5 Rh2 61. Kg1 1-0


[Site "https://www.chess.com"]

[Event "Titled Tuesday Blitz June 29 2021"]
[White "AlejandroPacheco29"]
[Black "Buffy7"]
[WhiteElo "2384"]
[BlackElo "2724"]
[Result "0-1"]
[Round "01"]
[TimeControl "180+1"]
[Date "2021.06.29"]
[WhiteClock "0:00:04"]
[BlackClock "0:01:05"]

1. e4 e5 2. Nf3 Nf6 3. Nxe5 d6 4. Nf3 Nxe4 5. Nc3 Nxc3 6. dxc3 Be7 7. Be3 O-O 8. Qd2 Nd7 9. O-O-O c6 10. h4 Nf6 11. Bd3 Bg4 12. Rde1 d5 13. Ne5 Be6 14. f3 Qa5 15. a3 Rad8 16. g4 Ne4 17. Qg2 Nxc3 18. Bd2 d4 19. Nc4 Bxc4 20. Rxe7 Bxd3 21. cxd3 Qc5 22. Ree1 Rfe8 23. bxc3 Qxa3+ 24. Kb1 Qb3+ 25. Ka1 dxc3 26. Bc1 c2 27. Bb2 Qa4+ 0-1


[Site "https://www.chess.com"]

[Event "Titled Tuesday Blitz June 29 2021"]
[White "AlexOstrovskiy"]
[Black "eightbyeightchess"]
[WhiteElo "2762"]
[BlackElo "2397"]
[Result "1-0"]
[Round "01"]
[TimeControl "180+1"]
[Date "2021.06.29"]
[WhiteClock "0:00:10"]
[BlackClock "0:00:04"]

1. d4 d5 2. Bf4 Nf6 3. e3 c5 4. c3 Nc6 5. Nd2 Bf5 6. Ngf3 e6 7. Qb3 Qb6 8. Qxb6 axb6 9. Bb5 Nd7 10. Nh4 Bg4 11. h3 Bh5 12. g4 Bg6 13. Nxg6 hxg6 14. a3 Be7 15. g5 Rh5 16. h4 f6 17. Be2 Rh8 18. O-O-O e5 19. dxe5 fxe5 20. Bg3 d4 21. Ne4 O-O-O 22. Bc4 dxe3 23. fxe3 Rhf8 24. Rhf1 Rxf1 25. Rxf1 Rf8 26. Rxf8+ Bxf8 27. Bf7 Ne7 28. Nd6+ Kc7 29. Nc4 Nf5 30. Bf2 b5 31. Nd2 Ne7 32. e4 c4 33. Kc2 Kd6 34. a4 bxa4 35. Nxc4+ Kc7 36. Bg3 Nc6 37. Bxg6 b5 38. Ne3 Bc5 39. Nd5+ Kd6 40. h5 b4 41. cxb4 Bxb4 42. h6 gxh6 43. gxh6 Nd4+ 44. Kb1 Nf8 45. Bh5 Bd2 46. Nb6 Bxh6 47. Nxa4 Nfe6 48. Nc3 Nf4 49. Bd1 Nd3 50. Bc2 Nb4 51. Bd1 Nd3 52. Ne2 Nxe2 53. Bxe2 Nc5 54. Bf3 Be3 55. Kc2 Bd4 56. b4 Na6 57. Kb3 Kc6 58. Be2 Nc7 59. Ka4 Kb6 60. Bh4 Ne6 61. Be7 Nf4 62. Bc4 Ng2 63. Bd8+ Kb7 64. Bd5+ Kc8 65. Bf6 Ne3 66. Bc6 Kc7 67. Be8 Nc2 68. b5 Kb6 69. Bd8+ Kb7 70. Bc6+ Kc8 71. Bf6 Ne3 72. Ka5 Nc4+ 73. Ka6 Nb6 74. Bd5 Nd7 75. Be6 Kc7 76. Bxd7 Kxd7 77. b6 Kc8 78. b7+ Kb8 79. Be7 Bb6 80. Bd6+ Bc7 81. Bxc7+ Kxc7 82. Ka7 1-0


[Site "https://www.chess.com"]

[Event "Titled Tuesday Blitz June 29 2021"]
[White "Alexa797"]
[Black "GMKrikor"]
[WhiteElo "2392"]
[BlackElo "2751"]
[Result "1/2-1/2"]
[Round "01"]
[TimeControl "180+1"]
[Date "2021.06.29"]
[WhiteClock "0:00:36"]
[BlackClock "0:00:02"]

1. e4 c5 2. Nf3 g6 3. d4 cxd4 4. Nxd4 Nc6 5. Nc3 Bg7 6. Be3 Nf6 7. Be2 O-O 8. f4 d6 9. O-O Bd7 10. Kh1 Rc8 11. a3 a6 12. Bf3 Qc7 13. Qd2 Na5 14. e5 dxe5 15. fxe5 Qxe5 16. Bf4 Nc4 17. Bxe5 Nxd2 18. Rfe1 Nxf3 19. Nxf3 Bc6 20. Nd4 Rfd8 21. Nxc6 Rxc6 22. Rad1 Rcc8 23. h3 h5 24. Kg1 e6 25. Kf2 Rxd1 26. Rxd1 Ne4+ 27. Nxe4 Rxc2+ 28. Kf3 Bxe5 29. Rd8+ Kg7 30. b4 Ra2 31. Rd3 Bb2 32. Rd7 Rxa3+ 33. Ke2 Be5 34. Rxb7 Bf4 35. Nc5 Kf6 36. Nd3 Bd6 37. Rb6 Bg3 38. Nc5 h4 39. Rxa6 Rxa6 40. Nxa6 Bd6 41. b5 Ke5 42. b6 Kf4 43. Nc7 g5 44. Na6 f5 45. b7 e5 46. b8=Q Bxb8 47. Nxb8 Kg3 48. Kf1 e4 49. Nc6 g4 50. hxg4 fxg4 51. Nd4 Kf4 52. Kf2 g3+ 53. Ke2 Kg4 54. Nc2 h3 55. gxh3+ Kxh3 56. Ne1 Kh2 57. Ke3 Kg1 58. Kxe4 Kf1 59. Nf3 Kf2 60. Nh4 g2 61. Nf3 Ke2 62. Kf4 Kf2 63. Kg4 g1=R+ 64. Nxg1 1/2-1/2


[Site "https://www.chess.com"]

[Event "Titled Tuesday Blitz June 29 2021"]
[White "Alexander_Donchenko"]
[Black "albayo"]
[WhiteElo "2832"]
[BlackElo "2418"]
[Result "1-0"]
[Round "01"]
[TimeControl "180+1"]
[Date "2021.06.29"]
[WhiteClock "0:02:05"]
[BlackClock "0:01:40"]

1. Nf3 g6 2. g3 Bg7 3. Bg2 Nf6 4. O-O O-O 5. d4 d5 6. c4 c6 7. b3 Bg4 8. Ne5 Nbd7 9. Nxg4 Nxg4 10. cxd5 cxd5 11. Ba3 Ndf6 12. Nc3 Rc8 13. Rc1 Ne4 14. Nxe4 Rxc1 15. Bxc1 dxe4 16. Bxe4 Bxd4 17. e3 Nf6 18. Bxb7 Bb6 19. Qxd8 Rxd8 20. Bf3 Rc8 21. Ba3 e6 22. Rc1 Rd8 23. Be7 1-0


[Site "https://www.chess.com"]

[Event "Titled Tuesday Blitz June 29 2021"]
[White "Alexander_Zubov"]
[Black "ZefirKa"]
[WhiteElo "2999"]
[BlackElo "2466"]
[Result "1-0"]
[Round "01"]
[TimeControl "180+1"]
[Date "2021.06.29"]
[WhiteClock "0:00:30"]
[BlackClock "0:00:10"]

1. d4 d5 2. c4 dxc4 3. e4 Nf6 4. e5 Nd5 5. Bxc4 Nb6 6. Bb3 Nc6 7. Be3 Nb4 8. e6 Bxe6 9. Bxe6 fxe6 10. Nf3 Qd5 11. O-O O-O-O 12. Ne5 g6 13. Nc3 Qa5 14. Nf7 Bg7 15. Qb3 N4d5 16. Rac1 Rhf8 17. Nxd8 Rxd8 18. Ne4 Nd7 19. Ng5 Qa6 20. Qc4 Qd6 21. Nf7 Qb6 22. Nxd8 Kxd8 23. Rfe1 Qxb2 24. Rb1 Qa3 25. Rxb7 N7b6 26. Qc6 Qxa2 27. Rb8+ Nc8 28. Qxe6 Nb6 29. Qxa2 1-0


[Site "https://www.chess.com"]

[Event "Titled Tuesday Blitz June 29 2021"]
[White "Aradhya2000"]
[Black "DianaLomaia1"]
[WhiteElo "2686"]
[BlackElo "2358"]
[Result "1-0"]
[Round "01"]
[TimeControl "180+1"]
[Date "2021.06.29"]
[WhiteClock "0:00:35"]
[BlackClock "0:00:36"]

1. d4 Nf6 2. c4 e6 3. Nf3 b6 4. a3 Bb7 5. Nc3 d5 6. cxd5 Nxd5 7. Qc2 Be7 8. e4 Nxc3 9. bxc3 O-O 10. Bd3 c5 11. O-O h6 12. Rd1 Qc7 13. Qe2 Rd8 14. h4 Nc6 15. d5 Ne5 16. Bf4 Nxf3+ 17. Qxf3 Bd6 18. Bxd6 Qxd6 19. c4 Qe5 20. Qe3 Qd4 21. Qxd4 cxd4 22. a4 a6 23. Rab1 exd5 24. cxd5 Rd6 25. Bc4 f6 26. Rxd4 Re8 27. f3 Rc8 28. Kf2 Kh7 29. Bd3 Kh8 30. Rdb4 b5 31. axb5 a5 32. Rc4 Ra8 33. Ra1 Rb6 34. Rca4 Rc8 35. Rxa5 Rc3 36. R5a3 Rc5 37. Ke3 g5 38. hxg5 hxg5 39. Kd4 Rc8 40. Rc3 Rb8 41. Rc7 Bc8 42. Kc5 1-0


[Site "https://www.chess.com"]

[Event "Titled Tuesday Blitz June 29 2021"]
[White "AryanTari"]
[Black "drd1812"]
[WhiteElo "2961"]
[BlackElo "2460"]
[Result "1-0"]
[Round "01"]
[TimeControl "180+1"]
[Date "2021.06.29"]
[WhiteClock "0:00:29"]
[BlackClock "0:00:09"]

1. b3 Nf6 2. Bb2 e6 3. g3 Be7 4. Bg2 O-O 5. f4 d5 6. Nf3 b6 7. O-O Bb7 8. Ne5 Nfd7 9. c4 c6 10. d3 Nxe5 11. fxe5 dxc4 12. bxc4 Qc7 13. d4 b5 14. Nd2 Nd7 15. c5 Rad8 16. Qc2 f5 17. e4 g6 18. Rad1 Bc8 19. Qb3 Nb8 20. a4 bxa4 21. Qxa4 Kg7 22. Nc4 Ba6 23. exf5 gxf5 24. Rfe1 Bxc4 25. Qxc4 Qd7 26. Rf1 Bg5 27. Qe2 Qe8 28. Bc3 Qg6 29. Kh1 h5 30. Rb1 Rd7 31. h4 Bh6 32. Kh2 Rh8 33. Bd2 Bxd2 34. Qxd2 Rhd8 35. Rf4 Qh6 36. Qa5 Rxd4 37. Rxd4 Rxd4 38. Qc7+ Rd7 39. Qxb8 f4 40. Rb7 fxg3+ 41. Kh3 Rxb7 42. Qxb7+ Kh8 43. Qa8+ Kg7 44. Qxa7+ Kg8 45. Qb8+ Kg7 46. Qc7+ Kg8 47. Qd8+ Kg7 48. Qf6+ Qxf6 49. exf6+ Kxf6 50. Bxc6 1-0


[Site "https://www.chess.com"]

[Event "Titled Tuesday Blitz June 29 2021"]
[White "AsaHoffmann"]
[Black "Witik"]
[WhiteElo "2356"]
[BlackElo "2674"]
[Result "0-1"]
[Round "01"]
[TimeControl "180+1"]
[Date "2021.06.29"]
[WhiteClock "0:00:58"]
[BlackClock "0:00:19"]

1. d4 d5 2. Bg5 h6 3. Bh4 c6 4. e3 Qb6 5. b3 Bf5 6. Bd3 Bxd3 7. Qxd3 Nd7 8. Nd2 e5 9. c3 Bd6 10. Ne2 Ngf6 11. O-O O-O 12. c4 Qa6 13. Qc2 Rfe8 14. Bg3 Rac8 15. c5 Qxe2 16. cxd6 Ne4 17. Rfd1 Nxg3 18. hxg3 exd4 19. exd4 Qe6 20. Nf3 Qxd6 21. Re1 Nf6 22. Ne5 c5 23. Qd3 Re6 24. dxc5 Qxc5 25. Nf3 Ne4 26. Rf1 Nxg3 27. Nd4 Qxd4 0-1


[Site "https://www.chess.com"]

[Event "Titled Tuesday Blitz June 29 2021"]
[White "BeanScreen"]
[Black "Kale36"]
[WhiteElo "2691"]
[BlackElo "2362"]
[Result "1-0"]
[Round "01"]
[TimeControl "180+1"]
[Date "2021.06.29"]
[WhiteClock "0:00:04"]
[BlackClock "0:00:07"]

1. e4 Nc6 2. Nf3 d6 3. d4 Bg4 4. Bb5 a6 5. Bxc6+ bxc6 6. Qd3 g6 7. h3 Bd7 8. O-O Bg7 9. Nc3 Nf6 10. Qc4 O-O 11. e5 Nd5 12. Nxd5 cxd5 13. Qxd5 Bb5 14. Rd1 c6 15. Qe4 dxe5 16. Nxe5 Qd5 17. Qe1 c5 18. a4 Bc6 19. Nxc6 Qxc6 20. d5 Qd6 21. Bg5 Rfe8 22. c3 Rab8 23. Qe2 c4 24. Qxc4 Rxb2 25. Bf4 Be5 26. Bxe5 Qxe5 27. Re1 Qf6 28. Re2 Reb8 29. Qxa6 Rxe2 30. Qxe2 Qxc3 31. Re1 Rb7 32. Qe3 Qf6 33. a5 Qa6 34. Qc5 Ra7 35. Rxe7 Qxa5 36. Re8+ Kg7 37. Qf8+ Kf6 38. Re6+ Kg5 39. Re4 Qa1+ 40. Kh2 f5 41. Qd8+ Kh6 42. Rh4+ Kg7 43. Qg5 Qe5+ 44. f4 h5 45. fxe5 Rf7 46. e6 Rf6 47. Rxh5 f4 48. Qh6+ Kg8 49. Qh8# 1-0


[Site "https://www.chess.com"]

[Event "Titled Tuesday Blitz June 29 2021"]
[White "Beca95"]
[Black "UmutErdemGunduz"]
[WhiteElo "2854"]
[BlackElo "2440"]
[Result "1-0"]
[Round "01"]
[TimeControl "180+1"]
[Date "2021.06.29"]
[WhiteClock "0:01:08"]
[BlackClock "0:00:41"]

1. d4 Nf6 2. c4 e6 3. Nf3 c5 4. d5 d6 5. Nc3 exd5 6. cxd5 g6 7. Bg5 Bg7 8. e4 O-O 9. Nd2 a6 10. a4 Nbd7 11. Be2 Qc7 12. O-O Re8 13. h3 Rb8 14. Bh4 h6 15. Bg3 g5 16. Nc4 Bf8 17. Nd2 Ne5 18. a5 Bd7 19. f4 gxf4 20. Rxf4 Nh7 21. Qc2 Bg7 22. Kh2 b5 23. axb6 Rxb6 24. b3 Ng6 25. Rf2 Ra8 26. Nc4 a5 27. Raf1 Be8 28. Bh5 Nhf8 29. e5 Nxe5 30. Bxe5 dxe5 31. Ne4 a4 32. d6 Qd8 33. Nxb6 Qxb6 34. bxa4 f5 35. Rxf5 Bxa4 36. Qc4+ Kh8 37. Rxf8+ Rxf8 38. Rxf8+ Bxf8 39. Qxa4 Bxd6 40. Qe8+ Kg7 41. Qf7+ Kh8 42. Bg6 1-0


[Site "https://www.chess.com"]

[Event "Titled Tuesday Blitz June 29 2021"]
[White "Blacquiao"]
[Black "Gabrielian_Artur"]
[WhiteElo "2416"]
[BlackElo "2819"]
[Result "0-1"]
[Round "01"]
[TimeControl "180+1"]
[Date "2021.06.29"]
[WhiteClock "0:00:09"]
[BlackClock "0:01:29"]

1. e4 c5 2. Nf3 d6 3. d4 cxd4 4. Nxd4 Nf6 5. Nc3 Nc6 6. Be3 Ng4 7. Bc1 Qb6 8. Nce2 e5 9. h3 Nxf2 10. Kxf2 exd4 11. Qd3 Be7 12. g3 O-O 13. Kg2 f5 14. Nf4 Ne5 15. Qb3+ Qxb3 16. axb3 fxe4 17. Ra4 Nc6 18. Bc4+ Kh8 19. Bd5 Bf5 20. g4 Bd7 21. Bxe4 Rac8 22. Rd1 Bh4 23. Rf1 Rfe8 24. Bd5 Ne7 25. Rxd4 Rxc2+ 26. Rd2 Rxd2+ 27. Bxd2 Nxd5 28. Nxd5 Bc6 29. Rf5 g6 30. Bc3+ Kg8 31. Kf1 gxf5 0-1


[Site "https://www.chess.com"]

[Event "Titled Tuesday Blitz June 29 2021"]
[White "Blitzking642"]
[Black "Jospem"]
[WhiteElo "2453"]
[BlackElo "2950"]
[Result "0-1"]
[Round "01"]
[TimeControl "180+1"]
[Date "2021.06.29"]
[WhiteClock "0:00:22"]
[BlackClock "0:01:22"]

1. e4 c5 2. Nf3 d6 3. d4 cxd4 4. Nxd4 Nf6 5. Nc3 a6 6. Be2 e5 7. Nf3 Be7 8. Bg5 Be6 9. Bxf6 Bxf6 10. O-O O-O 11. Nd5 Nd7 12. Bc4 Qc8 13. Qe2 b5 14. Bb3 Bd8 15. Ne3 Nf6 16. Qd3 Qc6 17. Nd2 Bb6 18. c4 Bxe3 19. Qxe3 b4 20. f4 a5 21. fxe5 Ng4 22. Qd4 dxe5 0-1


[Site "https://www.chess.com"]

[Event "Titled Tuesday Blitz June 29 2021"]
[White "Blitzstream"]
[Black "queen_iryna"]
[WhiteElo "2697"]
[BlackElo "2363"]
[Result "1-0"]
[Round "01"]
[TimeControl "180+1"]
[Date "2021.06.29"]
[WhiteClock "0:00:15"]
[BlackClock "0:00:02"]

1. d4 d6 2. e4 Nf6 3. Nc3 e5 4. dxe5 dxe5 5. Qxd8+ Kxd8 6. f4 exf4 7. Bxf4 Bb4 8. O-O-O Nbd7 9. Nd5 Nxd5 10. exd5 Nf6 11. Nf3 Bf5 12. Bd3 Bxd3 13. Rxd3 Bd6 14. Bg5 Re8 15. Kd2 Kd7 16. Bxf6 gxf6 17. g3 f5 18. Re1 f4 19. g4 h6 20. h3 Rxe1 21. Kxe1 Re8+ 22. Kd2 Bc5 23. Nd4 Bxd4 24. Rxd4 Re3 25. Rxf4 Rxh3 26. Rxf7+ Kd6 27. c4 Rg3 28. Rg7 c6 29. Rxb7 Rxg4 30. Rxa7 Rxc4 31. dxc6 Rxc6 32. Ra5 Kc7 33. Rh5 Kb6 34. Rh3 Kb5 35. Rc3 Rg6 36. Kc2 h5 37. Rh3 Rg5 38. a3 Ka5 39. Kb3 Kb5 40. Rh4 Rg3+ 41. Ka2 Rg5 42. Rh2 Ka5 43. b3 Kb5 44. a4+ Kb4 45. Rh4+ Ka5 46. Ka3 Kb6 47. Rf4 Ka6 48. Rf6+ Kb7 49. Rh6 Rf5 50. Kb4 Rf4+ 51. Kc3 h4 52. b4 Rf3+ 53. Kc4 h3 54. a5 Rf4+ 55. Kb5 Rf5+ 56. Ka4 Rf3 57. Rh7+ Kb8 58. Kb5 Rf5+ 59. Ka4 Rf3 60. a6 Rg3 61. Ka5 Ka8 62. b5 Kb8 63. Rh6 Rf3 64. Kb6 Rf8 65. Kc6 Rc8+ 66. Kb6 Rf8 67. Rxh3 Rf6+ 68. Ka5 Rf8 69. Rh7 Rf5 70. Kb6 Rf6+ 71. Kc5 Rf5+ 72. Kb4 Rf4+ 73. Ka5 Rf6 74. Re7 Rh6 75. Kb4 Rh4+ 76. Ka5 Rh6 77. b6 Rh5+ 78. Kb4 Rh4+ 79. Kc5 Rh5+ 80. Kd6 Rh6+ 81. Re6 Rh8 82. Kd7 Rh7+ 83. Re7 Rh8 84. Re8+ Rxe8 85. Kxe8 1-0


[Site "https://www.chess.com"]

[Event "Titled Tuesday Blitz June 29 2021"]
[White "CSB7"]
[Black "maracayo"]
[WhiteElo "2652"]
[BlackElo "2344"]
[Result "1-0"]
[Round "01"]
[TimeControl "180+1"]
[Date "2021.06.29"]
[WhiteClock "0:00:13"]
[BlackClock "0:00:03"]

1. d4 Nf6 2. Bg5 d6 3. Nc3 Nbd7 4. e4 c6 5. Qd2 Qa5 6. f3 e5 7. Nge2 Be7 8. h4 b5 9. g3 b4 10. Nd1 h6 11. Bxf6 Nxf6 12. Ne3 Be6 13. Bh3 Bxh3 14. Rxh3 g6 15. a3 Rb8 16. b3 c5 17. Nc4 Qc7 18. d5 a5 19. axb4 axb4 20. Kf2 Kd7 21. Rhh1 Ra8 22. Rxa8 Rxa8 23. Qxh6 Ra2 24. Qd2 Qa7 25. Kg2 Nh5 26. Rb1 Ng7 27. Qd1 Ne8 28. Nc1 Ra1 29. Nd3 Ra2 30. Rb2 Nc7 31. Rxa2 Qxa2 32. Qc1 Nb5 33. Qb2 Qa6 34. Nc1 Nd4 35. Kf2 f5 36. Ne2 fxe4 37. Nxd4 cxd4 38. fxe4 Qa8 39. Kg2 Qf8 40. Qa2 1-0


[Site "https://www.chess.com"]

[Event "Titled Tuesday Blitz June 29 2021"]
[White "Carnivoras"]
[Black "eltrain1971"]
[WhiteElo "2645"]
[BlackElo "2337"]
[Result "1-0"]
[Round "01"]
[TimeControl "180+1"]
[Date "2021.06.29"]
[WhiteClock "0:00:05"]
[BlackClock "0:00:01"]

1. d4 Nf6 2. c4 e6 3. Nc3 Bb4 4. Qc2 O-O 5. Nf3 d5 6. cxd5 exd5 7. Bg5 c6 8. e3 Re8 9. Bd3 h6 10. Bh4 Be6 11. O-O Nbd7 12. Ne5 Be7 13. f4 Nf8 14. Rf3 Ng4 15. Bxe7 Qxe7 16. h3 Nf6 17. Re1 c5 18. dxc5 Qxc5 19. Qf2 N8d7 20. Qh4 d4 21. exd4 Qxd4+ 22. Qf2 Qxf2+ 23. Rxf2 Nxe5 24. fxe5 Nd5 25. Nb5 Nb4 26. Bb1 Bxa2 27. Nc7 Bxb1 28. Rxb1 Nc6 29. Nxa8 Rxa8 30. Re2 Re8 31. Rbe1 Re6 32. Kf2 Kf8 33. Re4 Ke7 34. Kf3 h5 35. Kf4 g6 36. g4 hxg4 37. hxg4 a5 38. g5 Nb4 39. Rd1 Rc6 40. Red4 Rc2 41. Rd7+ Ke8 42. Rxb7 Rc4+ 43. Kf3 Rc5 44. Rdd7 Rxe5 45. Rxf7 Rxg5 46. Rfe7+ Kf8 47. Rec7 Rf5+ 48. Ke4 1-0


[Site "https://www.chess.com"]

[Event "Titled Tuesday Blitz June 29 2021"]
[White "ChessLover0108"]
[Black "MichailovM"]
[WhiteElo "2847"]
[BlackElo "2435"]
[Result "1-0"]
[Round "01"]
[TimeControl "180+1"]
[Date "2021.06.29"]
[WhiteClock "0:00:09"]
[BlackClock "0:00:20"]

1. Nf3 Nf6 2. d4 g6 3. c4 Bg7 4. Nc3 O-O 5. e4 d6 6. Be2 e5 7. Be3 Ng4 8. Bg5 f6 9. Bh4 g5 10. Bg3 Nh6 11. O-O Nd7 12. h3 c6 13. d5 Qe7 14. dxc6 bxc6 15. b4 f5 16. exf5 Nxf5 17. b5 e4 18. bxc6 exf3 19. Bxf3 Ne5 20. Nd5 Qf7 21. Bh5 Ng6 22. Rb1 Re8 23. Qd2 Ba6 24. Rbc1 Rac8 25. Nb4 Bxc4 26. Bf3 Be6 27. Rfe1 Ne5 28. Be4 Nd4 29. Qxg5 a5 30. Nd3 Nxd3 31. Bxd3 Nxc6 32. Bxd6 Nd4 33. Be5 Rxc1 34. Rxc1 h6 35. Qg3 Nf5 36. Qg4 Kh8 37. Bxg7+ Qxg7 38. Bxf5 Bxf5 39. Qxf5 Rf8 40. Qe4 Qf6 41. Qe3 Rf7 42. Rf1 Kg7 43. a3 Qf5 44. Qg3+ Qg6 45. Qxg6+ Kxg6 46. f4 Rb7 47. Rf3 Rb2 48. Kh2 a4 49. f5+ Kf6 50. Rf4 Rb3 51. Rxa4 Kxf5 52. Ra6 h5 53. a4 h4 54. Ra8 Kg5 55. a5 Ra3 56. a6 Kg6 57. Rh8 Ra4 58. a7 Rxa7 59. Rxh4 Ra3 60. Rg4+ Kf6 61. Rg3 Ra2 62. Rf3+ Kg6 63. Kg3 Ra5 64. h4 Ra4 65. Kh3 1-0


[Site "https://www.chess.com"]

[Event "Titled Tuesday Blitz June 29 2021"]
[White "ChessNinja48"]
[Black "Arseniy_Nesterov"]
[WhiteElo "2412"]
[BlackElo "2814"]
[Result "0-1"]
[Round "01"]
[TimeControl "180+1"]
[Date "2021.06.29"]
[WhiteClock "0:00:33"]
[BlackClock "0:01:22"]

1. d4 d5 2. c4 e6 3. Nf3 Nf6 4. Nc3 c5 5. cxd5 exd5 6. g3 Nc6 7. Bg2 cxd4 8. Nxd4 Bc5 9. Nxc6 bxc6 10. O-O O-O 11. Na4 Bb6 12. Bf4 Ba6 13. Rc1 Re8 14. Re1 Ba5 15. Bd2 Bb5 16. Nc5 Bb6 17. b3 Qe7 18. Bb4 a5 19. Ba3 Ng4 20. Qc2 Qf6 21. Bf3 Ne5 22. Bg2 h5 23. Bb2 Qd6 24. a4 Ba6 25. Nxa6 Rxa6 26. Bxe5 Rxe5 27. Qxc6 Bxf2+ 0-1


[Site "https://www.chess.com"]

[Event "Titled Tuesday Blitz June 29 2021"]
[White "ChessQueen"]
[Black "A-S-00"]
[WhiteElo "2660"]
[BlackElo "2348"]
[Result "1-0"]
[Round "01"]
[TimeControl "180+1"]
[Date "2021.06.29"]
[WhiteClock "0:02:08"]
[BlackClock "0:00:40"]

1. e4 c5 2. c3 Nf6 3. e5 Nd5 4. d4 cxd4 5. Nf3 Nc6 6. cxd4 d6 7. Bc4 e6 8. O-O Be7 9. Qe2 O-O 10. Rd1 Nb6 11. Bb3 Qc7 12. Nc3 a6 13. h4 dxe5 14. dxe5 Na5 15. Bc2 Qc4 16. Qe3 Bc5 17. Qg5 h6 18. Qg3 Kh8 19. Bd3 Qb4 20. a3 Qb3 21. Nd2 1-0


[Site "https://www.chess.com"]

[Event "Titled Tuesday Blitz June 29 2021"]
[White "ChristopherYoo"]
[Black "amatatanav"]
[WhiteElo "2946"]
[BlackElo "2451"]
[Result "1-0"]
[Round "01"]
[TimeControl "180+1"]
[Date "2021.06.29"]
[WhiteClock "0:01:16"]
[BlackClock "0:00:17"]

1. d4 Nf6 2. Nf3 e6 3. c4 d5 4. Nc3 Be7 5. Bf4 O-O 6. e3 Nbd7 7. a3 c5 8. cxd5 Nxd5 9. Nxd5 exd5 10. dxc5 Nxc5 11. Be5 Be6 12. Be2 a5 13. O-O a4 14. Nd4 Qb6 15. Bg4 Bxg4 16. Qxg4 Bf6 17. Bxf6 Qxf6 18. Rac1 Rac8 19. Rc3 Ne6 20. Rxc8 Rxc8 21. Nxe6 fxe6 22. Qxa4 Qxb2 23. Qd7 1-0


[Site "https://www.chess.com"]

[Event "Titled Tuesday Blitz June 29 2021"]
[White "DFeco"]
[Black "QuintilianoR"]
[WhiteElo "2348"]
[BlackElo "2660"]
[Result "0-1"]
[Round "01"]
[TimeControl "180+1"]
[Date "2021.06.29"]
[WhiteClock "0:00:28"]
[BlackClock "0:02:01"]

1. c4 e6 2. g3 Nf6 3. Bg2 d5 4. Nf3 Be7 5. O-O O-O 6. b3 c5 7. Bb2 Nc6 8. e3 b6 9. Nc3 dxc4 10. bxc4 Bb7 11. d4 Na5 12. Qe2 Rc8 13. Rfd1 cxd4 14. Rxd4 Qc7 15. Rc1 Rfd8 16. Nb5 Qb8 17. Rxd8+ Rxd8 18. Be5 Bxf3 19. Qb2 Qb7 20. Bxf3 Qxf3 21. Nxa7 Nxc4 22. Qc3 Rd1+ 23. Rxd1 Qxd1+ 24. Kg2 Qd5+ 25. e4 Nxe4 26. Qd4 Nxe5 0-1


[Site "https://www.chess.com"]

[Event "Titled Tuesday Blitz June 29 2021"]
[White "DeTimmerman"]
[Black "OrtizAnahi2001"]
[WhiteElo "2786"]
[BlackElo "2409"]
[Result "1-0"]
[Round "01"]
[TimeControl "180+1"]
[Date "2021.06.29"]
[WhiteClock "0:00:46"]
[BlackClock "0:01:13"]

1. b4 e6 2. Bb2 Nf6 3. b5 b6 4. c4 Bb7 5. e3 Be7 6. a4 a6 7. Nf3 axb5 8. axb5 Rxa1 9. Bxa1 d5 10. Be2 dxc4 11. Bxc4 O-O 12. O-O Nbd7 13. d4 Ne4 14. Nbd2 Ndf6 15. Bd3 c5 16. bxc6 Bxc6 17. Qc2 Qa8 18. Ne5 Bd5 19. Nxe4 Bxe4 20. f3 Bxd3 21. Qxd3 Rc8 22. Bb2 Qd5 23. e4 Qa5 24. Rd1 Bd6 25. Nc4 Qb4 26. Nxd6 Qxd6 27. e5 Qb4 28. Ba3 Qa4 29. exf6 gxf6 30. Be7 Kg7 31. d5 exd5 32. Qxd5 Rc2 33. Qd4 Qc6 34. Qg4+ Kh6 35. Bf8# 1-0


[Site "https://www.chess.com"]

[Event "Titled Tuesday Blitz June 29 2021"]
[White "EddieUrquhart"]
[Black "1977Ivan"]
[WhiteElo "2382"]
[BlackElo "2710"]
[Result "0-1"]
[Round "01"]
[TimeControl "180+1"]
[Date "2021.06.29"]
[WhiteClock "0:00:04"]
[BlackClock "0:00:07"]

1. e4 c5 2. Nc3 Nc6 3. f4 g6 4. Nf3 Bg7 5. a3 d6 6. Bc4 e6 7. d3 Nge7 8. O-O O-O 9. Qe1 Nd4 10. Nxd4 cxd4 11. Nd1 d5 12. Ba2 dxe4 13. dxe4 d3 14. cxd3 Qxd3 15. Nc3 Nc6 16. e5 Nd4 17. Bb1 Qa6 18. Be4 Nb3 19. Rb1 Bd7 20. Be3 Rfd8 21. Rd1 Bf8 22. Qh4 Qa5 23. Bc2 Bc5 24. Bxc5 Qxc5+ 25. Kh1 Nd4 26. Bb1 Bc6 27. Ne4 Bxe4 28. Bxe4 Rd7 29. Rc1 Qb6 30. b4 Rad8 31. h3 Ne2 32. Rce1 Rd2 33. Bf3 Nd4 34. Be4 Ne2 35. Bf3 Nc3 36. Rc1 R8d3 37. Qf6 Qd4 38. f5 exf5 39. Qe7 Rxf3 40. Rxf3 Rd1+ 41. Rf1 Rxf1+ 42. Rxf1 Ne2 43. Re1 Ng3+ 44. Kh2 Qf4 45. Kg1 Ne4 46. e6 Qf2+ 47. Kh2 Qg3+ 48. Kg1 Qxe1+ 49. Kh2 Qg3+ 50. Kg1 fxe6 51. Qxe6+ Kg7 52. Qe7+ Kh6 53. Qf8+ Kh5 0-1


[Site "https://www.chess.com"]

[Event "Titled Tuesday Blitz June 29 2021"]
[White "Fischerev7"]
[Black "Riazantsev"]
[WhiteElo "2386"]
[BlackElo "2736"]
[Result "0-1"]
[Round "01"]
[TimeControl "180+1"]
[Date "2021.06.29"]
[WhiteClock "0:00:01"]
[BlackClock "0:01:05"]

1. e4 e5 2. Nf3 Nc6 3. Bb5 a6 4. Ba4 d6 5. O-O Bd7 6. c3 Nf6 7. Re1 Be7 8. d4 O-O 9. Nbd2 Re8 10. Bxc6 Bxc6 11. dxe5 dxe5 12. Nxe5 Bxe4 13. Nxe4 Qxd1 14. Rxd1 Nxe4 15. Be3 Rad8 16. Kf1 f6 17. Nf3 Kf7 18. Ke2 Bd6 19. g3 g5 20. Nd4 Kg6 21. Kf1 h5 22. Kg2 Nc5 23. Nf3 Na4 24. Rd2 Be7 25. Rad1 Nxb2 26. Rxb2 Rxd1 27. Rxb7 Bd6 28. Ra7 Rd3 29. c4 Rc3 30. c5 Bxc5 31. Rxc7 Bb4 32. Ra7 Ra3 33. Rb7 a5 34. Rb6 Rxa2 35. Bxg5 Rxf2+ 36. Kxf2 Bc5+ 37. Kf1 Bxb6 0-1


[Site "https://www.chess.com"]

[Event "Titled Tuesday Blitz June 29 2021"]
[White "GM_dmitrij"]
[Black "Oglob71"]
[WhiteElo "2902"]
[BlackElo "2447"]
[Result "1-0"]
[Round "01"]
[TimeControl "180+1"]
[Date "2021.06.29"]
[WhiteClock "0:00:37"]
[BlackClock "0:01:27"]

1. c4 c5 2. Nc3 Nf6 3. g3 e6 4. Bg2 d5 5. Nf3 d4 6. Na4 Nc6 7. O-O Bd6 8. a3 O-O 9. d3 e5 10. e3 h6 11. exd4 exd4 12. Rb1 Bg4 13. b4 cxb4 14. c5 Bc7 15. axb4 Nd5 16. h3 Bh5 17. Bd2 b5 18. cxb6 axb6 19. b5 Ne5 20. g4 Bg6 21. Nxe5 Bxe5 22. Qb3 Nc3 23. Nxc3 dxc3 24. Bxc3 Bxc3 25. Qxc3 Rc8 26. Bc6 Qxd3 27. Rb3 Rfd8 28. Qxd3 Rxd3 29. Rxd3 Bxd3 30. Rd1 Bc4 31. Rd4 Be6 32. Ra4 g5 33. Ra7 Rb8 34. Kg2 Kg7 35. Kg3 Kf6 36. f4 gxf4+ 37. Kxf4 Rd8 38. Rb7 Rd3 39. Rxb6 Rxh3 40. Bf3 Rh2 41. Rb8 Rb2 42. b6 Rb4+ 43. Ke3 Rb3+ 44. Kf2 Ke5 45. b7 Kf4 46. Bc6 Rb2+ 47. Ke1 Ke3 48. Kd1 Bb3+ 49. Kc1 Rc2+ 50. Kb1 Rxc6 51. Re8+ Kf4 52. b8=Q+ Kxg4 53. Qxb3 Rf6 54. Rf8 1-0


[Site "https://www.chess.com"]